 Dungeon Crawl Stone Soup version 0.29.1-4-g47bece8355 (webtiles) character file.

Game seed: 14487654414793898897

42 CaptainMV the Stinger (level 3, -2/26 HPs)
             Began as a Draconian Venom Mage on Dec 7, 2022.
             Slain by a gnoll
             ... wielding a +3 whip
              (5 damage)
             ... on level 2 of the Dungeon.
             The game lasted 00:14:21 (1101 turns).

CaptainMV the Stinger (Draconian Venom Mage)        Turns: 1101, Time: 00:14:24

Health: -2/26      AC:  5    Str: 10    XL:     3   Next: 33%
Magic:  5/6        EV: 12    Int: 17    God:
Gold:   118        SH:  0    Dex: 11    Spells: 5/6 levels left

rFire   . . .      SeeInvis .   j - +1 dagger (protect)
rCold   . . .      Faith    .   (no shield)
rNeg    . . .      Spirit   .   (body armour unavailable)
rPois   .          Reflect  .   (helmet restricted)
rElec   .          Harm     .   (no cloak)
rCorr   .          Rampage  .   (no gloves)
Will    .....                   (no boots)
Stlth   ++........              (no amulet)
HPRegen 0.08/turn               (no ring)
MPRegen 0.10/turn               (no ring)

@: no status effects
A: AC +5, unfitting armour, cold-blooded
a: no special abilities


You were on level 2 of the Dungeon.
You visited 1 branch of the dungeon, and saw 2 of its levels.

You collected 118 gold pieces.

Inventory:

Hand Weapons
 d - a +0 mace
 h - a +0 hand axe
 j - a +1 dagger of protection (weapon)
Missiles
 e - 2 poisoned darts
Scrolls
 b - a scroll of identify {unknown}
 c - a scroll of summoning {unknown}
 g - 2 scrolls of enchant armour {unknown}
Potions
 a - a potion of magic
 f - 2 potions of invisibility {unknown}
 i - a potion of lignification {unknown}


   Skills:
 + Level 0.1 Fighting
 + Level 0.2 Axes
 + Level 2.1 Dodging
 + Level 2.0 Stealth
 + Level 2.1 Spellcasting
 + Level 1.4 Transmutations
 + Level 3.6 Poison Magic


You had 5 spell levels left.
You knew the following spells:

 Your Spells              Type           Power      Damage    Failure   Level
a - Sting                 Tmut/Pois      40%        1d5       7%          1

Your spell library contained the following spells:

 Spells                   Type           Power      Damage    Failure   Level
 Poisonous Vapours        Pois/Air       16%        N/A       14%         2
 Mephitic Cloud           Conj/Pois/Air  6%         N/A       34%         3
 Olgreb's Toxic Radiance  Pois           14%        N/A       38%         4
 Confusing Touch          Hex            1%         N/A       50%         3
 Yara's Violent Unravell  Hex/Tmut       2%         3d3       98%         5
 Enfeeble                 Hex            0%         N/A       100%        7


Dungeon Overview and Level Annotations

Branches:
Dungeon (2/15)

Altars:


Innate Abilities, Weirdness & Mutations

Your plain brown scales are hard. (AC +5)
You cannot fit into any form of body armour.
You are cold-blooded and may be slowed by cold attacks.


Message History

The gnoll looks more healthy.
The gnoll hits you but does no damage.
You hit the gnoll.
The gnoll is almost dead.
The gnoll hits you but does no damage.
You hit the gnoll.
You tail-slap the gnoll, but do no damage.
The gnoll is almost dead.
The gnoll hits you but does no damage.
Your magical contamination has completely faded away.
You completely miss the gnoll.
The gnoll is almost dead.
The gnoll closely misses you.
You hit the gnoll.
You kill the gnoll!
A gnoll comes into view. It is wielding a +3 whip.
The gnoll shouts!
A gnoll comes into view. It is wielding a +0 whip.
Things that are here:
a +0 spear; a gnoll corpse
Found 5 stones.
You see here a book of Misfortune.
You pick up a book of Misfortune and begin reading...
You add the spells Confusing Touch, Yara's Violent Unravelling and Enfeeble to your library.
The gnoll shouts!
You barely miss the gnoll.
Your tail-slap misses the gnoll.
A ball python comes into view.
The gnoll hits you with a +3 whip. The gnoll attacks as you move away!
The gnoll hits you with a +3 whip!
* * * LOW HITPOINT WARNING * * *
The ball python hisses angrily.
The gnoll attacks as you move away! The gnoll misses you.
Casting: Sting (safe; 7% risk of failure)
Confirm with . or Enter, or press ? or * to list all spells.
Aiming: Sting (safe; 7% risk of failure)
Press: ? - help, Shift-Dir - straight line, f - gnoll
Aim: a gnoll, wielding a +3 whip (75% to hit)
The sting hits the gnoll.
The gnoll is poisoned.
The gnoll is lightly wounded.
The gnoll hits you with a +3 whip.
You die...

#.. #..# #....# #.........
#..###..# #....# #.###.....
##....)..#######....# #..###.#..
g...g........†.....).###..###.#..
.##.###...##...##...###..........
##.###........##...[..>......###
(.......###...##.#.......#####
##.###...###.###.######..#
#.....Sg.g@.# #.<# #...#####.###
#..# #.... ..... ...#
#.#######.### #.### #. ### ## ##


You could see 2 gnolls and a ball python.

Vanquished Creatures
  A gnoll (D:2)
  A worm (D:2)
  2 dart slugs
  4 ball pythons
  3 endoplasms
  A giant cockroach (D:1)
  3 goblins
  5 bats (D:1)
  3 frilled lizards (D:1)
  2 kobolds
  2 rats
27 creatures vanquished.

Vanquished Creatures (others)
  7 toadstools (D:2)
7 creatures vanquished.

Grand Total: 34 creatures vanquished

Notes
Turn   | Place    | Note
-------+----------+-------------------------------------------
     0 | D:1      | CaptainMV the Draconian Venom Mage began the quest for the
                  | Orb.
     0 | D:1      | Reached XP level 1. HP: 14/14 MP: 3/3
   279 | D:1      | Reached XP level 2. HP: 20/20 MP: 5/5
   927 | D:2      | Found a faded altar of an unknown god.
  1010 | D:2      | Reached XP level 3. HP: 22/26 MP: 3/6
  1101 | D:2      | Slain by a gnoll

Illustrated notes

Levels and vault maps discovered:
D:1:      grunt_arrival_crossed_arrows, layout_basic,
          wander_ebering_terrifying_dragon_lair
D:2:      cheibrodos_fertilizer, layout_loops_ring,
          hellmonk_ecumenical_altar_leap_of_faith, serial_park_tiny_pond,
          minmay_misc_feat_rows

Skill      XL: |  1  2 |
---------------+-------+-----
Dodging        | 2 |  2.1
Stealth        | 2 |  2.0
Fighting       | |  0.1
Axes           | |  0.2
Spellcasting   | |  2.1
Transmutations | |  1.4
Poison Magic   | |  3.6

Action                   || total
-------------------------++-------
Melee: Hand axe          ||    53
       Unarmed           ||     4
       Tailslap          ||    10
       Punch             ||     1
       Dagger            ||    16
 Cast: Sting             ||    17
 Stab: Sleeping          ||     4
Armor: Skin              ||    22
Dodge: Dodged            ||    56
